 Dungeon Crawl Stone Soup version 0.22.0-27-ga576289 (webtiles) character file.

12371 iamserjio the Grappler (level 11, -1/111 HPs)
             Began as a Troll Fighter on Aug 22, 2018.
             Was a High Priest of Cheibriados.
             Killed by divine providence
             ... invoked by an orc high priest
              (12 damage)
             ... on level 2 of the Orcish Mines.
             The game lasted 00:26:31 (3568 turns).

iamserjio the Grappler (Troll Fighter)              Turns: 3568, Time: 00:26:32

Health: -1/111     AC: 10    Str: 39    XL:     11   Next: 61%
Magic:  0/11       EV: 16    Int: 20    God:    Cheibriados [*****.]
Gold:   734        SH: 14    Dex: 27    Spells: 10/10 levels left

rFire    . . .     SeeInvis .     - Unarmed
rCold    . . .     Gourm    +   b - +0 shield
rNeg     . . .     Faith    .   F - +0 troll leather armour
rPois    .         Spirit   +   (helmet restricted)
rElec    .         Reflect  .   j - +2 cloak
rCorr    .         Harm     .   (gloves unavailable)
MR       .....                  (boots unavailable)
Stlth    +++.......             C - amulet of guardian spirit
HPRegen  1.08/turn              (no ring)
MPRegen  0.12/turn              (no ring)

@: agile, very slow
A: large, unfitting armour, claws 3, fast metabolism 3, gourmand, regeneration
1, shaggy fur 1, tough skin 2
a: Bend Time, Temporal Distortion, Slouch, Step From Time, Renounce Religion


You were on level 2 of the Orcish Mines.
You worshipped Cheibriados.
Cheibriados was extremely pleased with you.
You were very hungry.

You visited 3 branches of the dungeon, and saw 14 of its levels.

You collected 914 gold pieces.
You spent 180 gold pieces at shops.

Inventory:

Armour
 a - a +0 robe
 b - a +0 shield (worn)
 j - a +2 cloak (worn)
 q - a +2 robe of fire resistance
 F - a +0 troll leather armour (worn)
 G - the +1 robe of Trial and Error {rElec rF+ rC+}
   (You found it on level 11 of the Dungeon)

   It protects you from fire.
   It protects you from cold.
   It insulates you from electricity.
Magical Staves
 E - an uncursed staff of poison {unknown}
Jewellery
 C - an amulet of guardian spirit (around neck)
Wands
 l - a wand of scattershot (8)
 s - a wand of polymorph (7)
 u - a wand of digging (18)
Scrolls
 e - 2 scrolls of remove curse {@r2}
 f - a scroll of amnesia {unknown}
 g - 3 scrolls of teleportation
 i - a scroll of immolation {unknown}
 k - 2 scrolls of fog {unknown}
 m - a scroll of noise {unknown}
 r - 2 scrolls of magic mapping {unknown}
 x - a scroll of summoning {unknown}
 y - a scroll of enchant weapon {unknown}
 D - a scroll of silence {unknown}
Potions
 c - 2 potions of mutation
 h - 3 potions of flight
 n - a potion of resistance {unknown}
 o - a potion of curing {@q1}
 p - 3 potions of brilliance
 t - a potion of cancellation
 v - a potion of might
 w - 2 potions of agility
 A - a potion of degeneration {unknown}
Comestibles
 d - 15 rations


   Skills:
 + Level 8.1 Fighting
 - Level 2.4 Dodging
 + Level 8.2 Shields
 * Level 12.9 Unarmed Combat
 + Level 1.9 Invocations
 - Level 1.2 Evocations


You had 10 spell levels left.
You didn't know any spells.
Your spell library contained the following spells:

 Spells                   Type           Power        Failure   Level  Hunger
 Magic Dart               Conj           #...         24%         1    ##.....
 Blink                    Tloc           N/A          36%         2    ###....
 Call Imp                 Summ           #.......     36%         2    ###....
 Slow                     Hex            #.......     36%         2    ###....
 Conjure Flame            Conj/Fire      #.......     58%         3    ####...
 Mephitic Cloud           Conj/Pois/Air  #.......     58%         3    ####...


Dungeon Overview and Level Annotations

Branches:
Dungeon (11/15)            Temple (1/1) D:5             Orc (2/2) D:11
   Lair: D:8-11         Elf: Orc:2

Altars:
Cheibriados
Dithmenos
Okawaru
Trog
Vehumet
Beogh

Shops:
D:6 %%=}%   Orc:2 [*


Innate Abilities, Weirdness & Mutations

You are too large for most types of armour.
You have claws for hands.
Your metabolism is lightning-fast.
You like to eat raw meat.
Your natural rate of healing is unusually fast.
You are covered in fur. (AC +1)
You have very tough skin. (AC +2)


Message History

The orc warrior hits you with a battleaxe.
* * * LOW HITPOINT WARNING * * *
You hear a shout! x2
You feel better.
You hear a shout! x3
You block the orc warrior's attack. x2
The orc high priest shouts, "You must be punished!"
All of the chunks of flesh in your inventory have rotted away.
Your surroundings suddenly seem different.
An orc warrior comes into view. It is wielding a hand axe.
An orc priest comes into view. It is wielding a hand axe.
The orc priest invokes the aid of Beogh against you.
Beogh smites you!
* * * LOW HITPOINT WARNING * * *
An orc comes into view. It is wielding a morningstar.
An orc priest comes into view. It is wielding a hand axe.
An orc warrior comes into view. It is wielding a short sword.
The orc high priest calls down the wrath of Beogh upon you.
Beogh smites you!
You die...

##+##8.#......).....##
...o...'.8...))).....#
8o....o'.............#
..o.oo.o)8..........##
##'##8.#o............#
####............##
#.o....∩.....##
##o#...........#
.##########oooo.@.....#.##
..........oo#o........###
#############...#.#..##
##.####### ###


You could see an orc high priest, 6 orc warriors, 2 orc priests and 3 orcs.

Vanquished Creatures
  A minotaur (Orc:1)
  2 two-headed ogres
  An unseen horror (D:10)
  Pikel (D:9)
  An ugly thing (D:11)
  A centaur zombie (D:10)
  A centaur skeleton (D:11)
  A gargoyle (D:11)
  A rime drake (D:9)
  A meliai (D:11)
  A troll (D:11)
  The ghost of Curus the Spear-Bearer, an amateur MiFi (D:4)
  2 polar bears (D:11)
  3 hippogriffs
  A wyvern (D:10)
  4 yaks (D:11)
  4 hungry ghosts
  2 wargs (Orc:1)
  A water moccasin (D:8)
  10 orc warriors
  A slave (D:9)
  A black bear (D:8)
  4 ice beasts
  2 sky beasts
  4 phantoms
  4 ogres
  A necrophage (D:9)
  A boggart (D:8)
  4 centaurs
  2 big kobolds
  2 bullfrogs
  2 troll zombies (D:11)
  2 scorpions
  3 killer bees (D:9)
  3 crimson imps
  2 bullfrog zombies
  A quasit (D:11)
  A jelly (D:8)
  A bullfrog skeleton (D:9)
  10 orc wizards
  9 orc priests
  A gnoll shaman (Orc:2)
  6 worker ants
  6 ogre zombies (D:11)
  2 hound skeletons
  A howler monkey zombie (D:9)
  5 gnolls (Orc:2)
  A howler monkey skeleton (D:10)
  11 adders
  2 shadow imps
  3 worms
  2 dart slugs
  3 leopard geckos
  43 orcs
  4 giant cockroaches
  9 goblins
  3 hobgoblins (D:1)
  6 jackals (D:9)
  3 quokkas
  3 ball pythons
  3 bats (D:3)
  A frilled lizard (D:1)
  A goblin skeleton (D:11)
  A goblin zombie (D:11)
  A hobgoblin skeleton (D:11)
  3 hobgoblin zombies (D:11)
  A jackal zombie (D:8)
  6 kobolds
  A leopard gecko skeleton (D:4)
  An orc skeleton (D:11)
  17 orc zombies (D:11)
  A quokka skeleton (D:7)
  A rat (D:3)
252 creatures vanquished.

Vanquished Creatures (others)
  A slave (D:9)
  2 plants (D:8)
3 creatures vanquished.

Grand Total: 255 creatures vanquished

Notes
Turn   | Place    | Note
-------+----------+-------------------------------------------
     0 | D:1      | iamserjio the Troll Fighter began the quest for the Orb.
     0 | D:1      | Reached XP level 1. HP: 22/22 MP: 0/0
    77 | D:1      | Reached XP level 2. HP: 6/29 MP: 1/1
   167 | D:2      | Found an iron altar of Okawaru.
   217 | D:1      | Reached XP level 3. HP: 36/36 MP: 2/2
   320 | D:3      | Reached skill level 3 in Unarmed Combat
   375 | D:3      | Reached XP level 4. HP: 44/44 MP: 3/3
   540 | D:4      | Reached skill level 4 in Unarmed Combat
   540 | D:4      | Reached XP level 5. HP: 38/53 MP: 4/4
   620 | D:4      | Found a transporter.
   620 | D:4      | Noticed Curus's ghost (amateur MiFi)
   630 | D:4      | Found a transporter.
   643 | D:4      | Killed Curus's ghost
   643 | D:4      | Reached skill level 5 in Unarmed Combat
   643 | D:4      | Reached XP level 6. HP: 51/62 MP: 5/5
   942 | D:5      | Entered Level 5 of the Dungeon
  1042 | D:5      | Found a staircase to the Ecumenical Temple.
  1045 | D:5      | Reached XP level 7. HP: 33/68 MP: 6/6
  1053 | Temple   | Entered the Ecumenical Temple
  1059 | Temple   | Became a worshipper of Cheibriados the Contemplative
  1092 | D:6      | Found Jusch's Food Boutique.
  1098 | D:6      | Found Wapt's Gadget Boutique.
  1154 | D:6      | Found Maol's Food Shoppe.
  1204 | D:6      | Found Buoprose's Jewellery Shoppe.
  1227 | D:6      | Reached skill level 6 in Unarmed Combat
  1268 | D:6      | Found Ollerphex's Food Emporium.
  1441 | D:8      | Noticed Maurice
  1576 | D:8      | Reached XP level 8. HP: 79/79 MP: 7/7
  1607 | D:8      | Reached skill level 7 in Unarmed Combat
  1609 | D:8      | Noticed Maurice
  1609 | D:8      | Maurice changed into Maurice the boggart
  1619 | D:8      | Killed Maurice the boggart
  1734 | D:9      | Noticed a two-headed ogre
  1735 | D:9      | Noticed a hornet
  1745 | D:8      | Reached * piety under Cheibriados
  1803 | D:9      | Noticed a hippogriff
  1807 | D:9      | Reached skill level 5 in Fighting
  1807 | D:9      | Reached skill level 5 in Shields
  1813 | D:9      | Killed a hippogriff
  1813 | D:9      | Reached skill level 8 in Unarmed Combat
  1867 | D:9      | Noticed Pikel
  1869 | D:9      | Noticed a rime drake
  1872 | D:10     | Entered Level 10 of the Dungeon
  1886 | D:10     | Reached XP level 9. HP: 47/88 MP: 8/8
  1978 | D:9      | Reached skill level 9 in Unarmed Combat
  2053 | D:9      | Killed a rime drake
  2100 | D:9      | Noticed a two-headed ogre
  2101 | D:9      | Killed Pikel
  2109 | D:9      | Killed a two-headed ogre
  2109 | D:9      | Reached skill level 10 in Unarmed Combat
  2162 | D:9      | Reached XP level 10. HP: 90/100 MP: 9/9
  2172 | D:9      | Reached ** piety under Cheibriados
  2433 | D:11     | Reached skill level 11 in Unarmed Combat
  2476 | D:11     | Noticed a gargoyle
  2484 | D:11     | Killed a gargoyle
  2531 | D:10     | Reached *** piety under Cheibriados
  2780 | D:11     | Noticed a two-headed ogre
  2789 | D:11     | Killed a two-headed ogre
  2824 | D:11     | Noticed a white ugly thing
  2892 | D:11     | Reached skill level 12 in Unarmed Combat
  2894 | D:11     | Found a bloodstained altar of Trog.
  2905 | D:11     | Reached XP level 11. HP: 38/109 MP: 10/10
  2934 | D:11     | Noticed a cyan ugly thing
  2939 | D:11     | Killed a cyan ugly thing
  2967 | D:11     | Reached **** piety under Cheibriados
  2980 | D:11     | Found a staircase to the Orcish Mines.
  3067 | D:11     | Got a colourful robe
  3088 | D:10     | Killed an unseen horror
  3133 | D:11     | Identified the +1 robe of Trial and Error {rElec rF+ rC+} (You found it on level 11 of the Dungeon)
  3144 | Orc:1    | Entered Level 1 of the Orcish Mines
  3191 | Orc:1    | Reached ***** piety under Cheibriados
  3271 | Orc:2    | Entered Level 2 of the Orcish Mines
  3323 | Orc:2    | Found a roughly hewn altar of Beogh.
  3325 | Orc:2    | Reached skill level 1 in Invocations
  3398 | Orc:1    | Noticed an ettin
  3400 | Orc:1    | Noticed a minotaur
  3400 | Orc:1    | an ettin changed into a minotaur
  3407 | Orc:1    | Killed a minotaur
  3407 | Orc:1    | Reached skill level 1 in Evocations
  3436 | Orc:2    | Found Wievet's Antique Armour Boutique.
  3482 | Orc:2    | Found a roughly hewn altar of Beogh.
  3487 | Orc:2    | Found Fanoust's General Store.
  3506 | Orc:2    | Bought a scroll of identify for 36 gold pieces
  3506 | Orc:2    | Bought a potion of mutation for 144 gold pieces
  3564 | Orc:2    | Noticed an orc high priest
  3568 | Orc:2    | Killed from afar by an orc high priest

Skill      XL: |  1  2  3  4  5  6  7  8  9 10 11 |
---------------+----------------------------------+-----
Unarmed Combat | 3 4 5 6 8 10 12 | 12.9
Fighting       | 3 4 5 6 7 8 |  8.1
Shields        | 3 4 5 6 7 8 |  8.2
Invocations    | 1 |  1.9
Evocations     | 1 |  1.2
Dodging        | |  2.4

Action                   |  1- 3 |  4- 6 |  7- 9 | 10-12 || total
-------------------------+-------+-------+-------+-------++-------
Melee: Unarmed           |    83 |    83 |   176 |   385 ||   727
Invok: Temporal Distorti |       |       |       |     1 ||     1
Evoke: Wand              |       |       |     2 |     4 ||     6
  Use: Potion            |       |     1 |       |     9 ||    10
       Scroll            |       |       |    12 |     3 ||    15
 Stab: Sleeping          |       |       |       |     1 ||     1
  Eat: Chunk             |     8 |     4 |    13 |     9 ||    34
Armor: Robe              |    31 |    28 |    44 |    93 ||   196
       Troll leather arm |       |       |       |    30 ||    30
Dodge: Dodged            |    21 |    25 |    66 |   128 ||   240
Block: Shield            |    40 |    36 |    78 |   237 ||   391
